AoeStats
← 海旋风

Black Forest

504010763Analyzed
4v4 RM · 29d ago on Sep 3, 2026· 45m 39s· 8 players
Game mode
Random Map
Map size
Large (8 player)
Population
200
Speed
Normal
Resources
Standard
Victory
Conquest
Starting age
Dark Age
Ending age
Imperial Age
RankedLock teamsTeams togetherTeam positionsShared explorationLock speedFull tech treeHidden civsTurbo modeCheats
Victory
Defeat
🇭🇰 Goths · Hong Kong SAR China
1114
+6
🇨🇳 Ethiopians · China
842
+17
🇨🇳 Shu · China
760
+22
🇦🇷 Spanish · Argentina
596
+27
🇩🇪 Bohemians · Germany
903
-19
🇬🇧 Malay · United Kingdom
883
-19
🇫🇷 Britons · France
865
-18
🇨🇿 Romans · Czechia
820
-16
慢即是快.
11:02 Feudal Age
21:15 Castle Age
21:23 Loom
22:14 Wheelbarrow
21:25 Town Watch
24:52 Stone Mining
26:31 Fletching
27:17 Horse Collar
37:20 Caravan
41:00 Imperial Age
39:37 Heavy Plow
40:17 Bloodlines
40:08 Husbandry
40:42 Forging
40:37 Scale Barding Armor
41:05 Cavalier
41:10 Light Cavalry
41:58 Hussar
44:27 Gold Mining
44:09 Paladin
46:30 Iron Casting
46:15 Chain Barding Armor
One Shoulder 100KG
11:40 Feudal Age
12:27 Feudal Age
14:06 Double-Bit Axe
16:42 Castle Age
14:57 Gold Mining
16:02 Fishing Lines
17:42 Bow Saw
17:38 Loom
18:33 Gold Shaft Mining
18:41 Horse Collar
18:54 Town Watch
19:37 Fletching
24:33 Wheelbarrow
28:22 Hand Cart
31:38 Imperial Age
30:37 Ballistics
30:48 Heavy Plow
31:32 Scale Barding Armor
33:50 Chain Barding Armor
34:41 Guilds
34:59 Siege Engineers
34:35 Capped Ram
37:00 Two-Man Saw
36:56 Plate Barding Armor
37:59 Town Patrol
39:43 Onager
44:15 Conscription
44:00 Bolt Magazine
44:16 Husbandry
45:26 Chemistry
TornToast5128
4:42 Loom
12:47 Feudal Age
14:41 Wheelbarrow
14:08 Double-Bit Axe
17:55 Castle Age
15:42 Horse Collar
18:58 Bow Saw
18:50 Heavy Plow
20:43 Gold Mining
21:19 Stone Mining
23:44 Hand Cart
29:48 Imperial Age
27:48 Squires
28:20 Forging
28:10 Scale Mail Armor
28:17 Pikeman
30:22 Anarchy
31:01 Crop Rotation
31:34 Two-Man Saw
31:14 Iron Casting
30:54 Chain Mail Armor
30:56 Perfusion
31:20 Conscription
32:46 Elite Huskarl
34:42 Blast Furnace
34:01 Chain Mail Armor
35:51 Halberdier
海旋风
0:27 Loom
16:26 Feudal Age
21:08 Castle Age
21:28 Stone Mining
21:26 Double-Bit Axe
21:25 Horse Collar
23:01 Wheelbarrow
23:23 Bow Saw
23:16 Heavy Plow
25:07 Hand Cart
36:12 Imperial Age
34:36 Gold Mining
35:22 Stone Shaft Mining
35:30 Caravan
36:11 Padded Archer Armor
36:14 Scale Mail Armor
36:25 Forging
36:07 Fletching
36:37 Onager
37:45 Conscription
37:43 Town Watch
40:52 Heavy Scorpion
41:54 Town Patrol
41:18 Elite Skirmisher
42:04 Thumb Ring
43:30 Gold Shaft Mining
44:10 Chemistry
43:07 Murder Holes
43:22 Fortified Wall
43:04 Guard Tower
43:35 Ballistics
43:21 Siege Engineers
43:26 Masonry
46:04 Leather Archer Armor
45:45 Bodkin Arrow
Shakespeare
0:27 Loom
12:23 Feudal Age
12:52 Wheelbarrow
11:59 Horse Collar
12:05 Double-Bit Axe
23:18 Castle Age
BBC Enjoyer
0:49 Loom
14:25 Feudal Age
15:49 Double-Bit Axe
15:47 Horse Collar
20:31 Castle Age
24:02 Heavy Plow
24:30 Bow Saw
28:51 Fletching
33:15 Imperial Age
31:02 Bodkin Arrow
31:14 Gold Mining
32:23 Padded Archer Armor
32:46 Ballistics
33:09 Wheelbarrow
32:21 Town Watch
32:51 Forging
34:33 Elite Longbowman
35:36 Conscription
35:42 Hand Cart
39:06 Two-Man Saw
38:56 Bracer
39:12 Leather Archer Armor
40:00 Chemistry
39:30 Yeomen
Viper
0:51 Loom
12:55 Feudal Age
13:28 Double-Bit Axe
13:24 Horse Collar
16:54 Wheelbarrow
17:16 Gold Mining
17:17 Stone Mining
22:15 Castle Age
21:30 Forging
21:20 Scale Mail Armor
21:11 Fletching
23:18 Hand Cart
23:15 Bow Saw
23:18 Heavy Plow
26:45 Gold Shaft Mining
33:07 Imperial Age
30:52 Masonry
31:06 Squires
30:27 Pikeman
30:27 Man-at-Arms
31:43 Ballistics
31:22 Long Swordsman
33:31 Caravan
34:02 Coinage
34:37 Bodkin Arrow
35:18 Iron Casting
35:28 Siege Engineers
36:41 Fortified Wall
36:27 Murder Holes
36:53 Chain Mail Armor
36:52 Ballistas
37:08 Conscription
37:55 Banking
38:02 Architecture
39:39 Blast Furnace
39:36 Heavy Scorpion
42:34 Legionary
Artor
0:41 Loom
2:07 Loom
3:28 Loom
12:22 Feudal Age
19:54 Castle Age
18:35 Horse Collar
18:44 Double-Bit Axe
21:09 Wheelbarrow
23:53 Chemistry
26:16 Hand Cart
31:11 Padded Archer Armor
37:28 Imperial Age
35:01 Heavy Plow
35:14 Bow Saw
38:24 Houfnice
41:10 Conscription
44:02 Town Watch
45:24 Town Patrol
Connection lost

Rejoining the realm…

Still unreachable

The connection could not be restored.

Session expired

The server has moved on; the page needs a fresh start.